 Dungeon Crawl Stone Soup version 0.23.2-33-g5129a83184 (webtiles) character file.

Game seed: 2501140821617968214

111706 dragonscale333 the Severer (level 16, -1/155 HPs)
             Began as a Hill Orc Fighter on July 24, 2019.
             Was the Champion of Okawaru.
             Slain by an anaconda (4 damage)
             ... on level 4 of the Snake Pit on July 25, 2019.
             The game lasted 01:18:33 (36055 turns).

dragonscale333 the Severer (Hill Orc Fighter)      Turns: 36055, Time: 01:18:34

Health: -1/155     AC: 26    Str: 32    XL:     16   Next: 58%
Magic:  28/32      EV: 11    Int: 13    God:    Okawaru [******]
Gold:   683        SH:  4    Dex: 13    Spells: 15/15 levels left

rFire    . . .     SeeInvis .   F - +7 battleaxe (freeze)
rCold    + + +     Gourm    .   (shield currently unavailable)
rNeg     + + +     Faith    .   M - +1 scale mail {rPois}
rPois    .         Spirit   .   n - +2 helmet {Int+3}
rElec    .         Reflect  .   Y - +2 cloak {rF+}
rCorr    +         Harm     .   V - +2 pair of gloves {Dex+3}
MR       +....                  y - +1 pair of boots of Slovenliness {rF- rN+++ rCorr}
Stlth    ++........             H - amulet "Kefoeb" {*Slow +Rage rC+++ MP+9 Str+6}
HPRegen  0.35/turn              w - +2 ring of intelligence
MPRegen  0.23/turn              B - +3 ring of protection

@: lethally poisoned (-1 -> -15), poison vulnerable, berserk cooldown, slowed,
constricted, very slow
A: large bone plates 1, sturdy frame 1
a: Heroism, Finesse, Renounce Religion, Evoke Berserk Rage


You were on level 4 of the Snake Pit.
You worshipped Okawaru.
Okawaru was exalted by your worship.
You were not hungry.

You visited 6 branches of the dungeon, and saw 26 of its levels.
You visited the Abyss 2 times.
You also visited: Volcano.

You collected 3105 gold pieces.
You spent 2422 gold pieces at shops.

Inventory:

Hand Weapons
 z - a +4 battleaxe of flaming
 F - a +7 battleaxe of freezing (weapon)
 Z - a +1 longbow of flaming
Missiles
 g - 6 steel javelins (quivered)
 i - 7 javelins
Armour
 c - a +0 shield
 k - the +0 robe "Uliamym" {-Tele MP+9 Int+7, unknown}
   (Okawaru gifted it to you on level 1 of the Snake Pit)

   It affects your intelligence (+7).
   It affects your magic capacity (+9).
   It prevents most forms of teleportation.
 n - a +2 helmet of intelligence (worn)
 x - the +8 plate armour of Ebixzira {rF+}
   (You bought it in a shop on level 2 of the Orcish Mines)

   It protects you from fire.
 y - the +1 pair of boots of Slovenliness (worn) {rF- rN+++ rCorr}
   (You found it on level 4 of the Dungeon)

   It makes you vulnerable to fire.
   It renders you almost immune to negative energy.
   It provides partial protection from all sources of acid and corrosion.
 M - a +1 scale mail of poison resistance (worn)
 N - a +2 pair of boots of stealth
 V - a +2 pair of gloves of dexterity (worn)
 Y - a +2 cloak of fire resistance (worn)
Jewellery
 b - an uncursed amulet of regeneration
 m - an uncursed ring of poison resistance {unknown}
 q - a +5 ring of protection
 w - a +2 ring of intelligence (left hand)
 B - a +3 ring of protection (right hand)
 E - an uncursed ring of wizardry
 H - the amulet "Kefoeb" (around neck) {*Slow +Rage rC+++ MP+9 Str+6}
   (You found it on level 9 of the Dungeon)

   [amulet of rage]

   It affects your strength (+6).
   It renders you almost immune to cold.
   It affects your magic capacity (+9).
   It lets you go berserk.
   It may slow you when you take damage.
 O - a +6 ring of strength {unknown}
 S - an uncursed ring of protection from fire
Wands
 p - a wand of polymorph (5)
 s - a wand of flame (52)
 v - a wand of paralysis (6)
 C - a wand of enslavement (24)
 J - a wand of disintegration (13)
 K - a wand of iceblast (10)
 X - a wand of acid (8)
Scrolls
 h - a scroll of enchant weapon
 j - a scroll of teleportation
 l - 24 scrolls of remove curse
 u - 3 scrolls of magic mapping
 A - 2 scrolls of blinking
 D - 7 scrolls of enchant armour
 G - a scroll of fear
 I - a scroll of identify
 P - a scroll of summoning {unknown}
 T - a scroll of fog
Potions
 a - 2 potions of mutation
 d - 9 potions of might
 e - 2 potions of curing
 o - a potion of cancellation
 r - 3 potions of lignification
 t - 6 potions of agility
 L - 2 potions of flight
 Q - 4 potions of brilliance
 R - a potion of haste
Miscellaneous
 U - a lightning rod (4/4)
 W - a fan of gales
Comestibles
 f - 32 rations


   Skills:
 - Level 17.0 Fighting
 - Level 20.0 Axes
 + Level 11.5 Armour
 - Level 6.0 Dodging
 - Level 4.0 Stealth
 - Level 10.0 Shields
 - Level 8.1 Invocations
 - Level 10.0 Evocations


You had 15 spell levels left.
You didn't know any spells.
Your spell library contained the following spells:

 Spells                   Type           Power        Failure   Level  Hunger
 Beastly Appendage        Tmut           #.....       41%         1    ##.....
 Corona                   Hex            #......      41%         1    ##.....
 Freeze                   Ice            #...         41%         1    ##.....
 Infusion                 Chrm           #...         41%         1    ##.....
 Pain                     Necr           #...         41%         1    ##.....
 Shock                    Conj/Air       #...         41%         1    ##.....
 Ensorcelled Hibernation  Hex/Ice        #.....       54%         2    ###....
 Shroud of Golubria       Chrm/Tloc      #.........   54%         2    ###....
 Slow                     Hex            #.......     54%         2    ###....
 Song of Slaying          Chrm           #.......     54%         2    ###....
 Sticks to Snakes         Tmut           #.......     54%         2    ###....
 Swiftness                Chrm/Air       #.......     54%         2    ###....
 Throw Frost              Conj/Ice       #.....       54%         2    ###....
 Confuse                  Hex            #.......     78%         3    ####...
 Dazzling Spray           Conj/Hex       #.....       78%         3    ####...
 Inner Flame              Hex/Fire       #.......     78%         3    ####...
 Ozocubu's Armour         Chrm/Ice       #.......     78%         3    ####...
 Portal Projectile        Hex/Tloc       #.....       78%         3    ####...
 Regeneration             Chrm/Necr      #.........   78%         3    ####...
 Spectral Weapon          Hex/Chrm       #.......     78%         3    ####...
 Spider Form              Tmut/Pois      #.........   78%         3    ####...
 Static Discharge         Conj/Air       #.......     78%         3    ####...
 Tukima's Dance           Hex            #.......     78%         3    ####...
 Airstrike                Air            #.........   99%         4    #####..
 Cause Fear               Hex            #.........   99%         4    #####..
 Ice Form                 Ice/Tmut       #.......     99%         4    #####..
 Leda's Liquefaction      Hex/Erth       #.........   99%         4    #####..
 Summon Ice Beast         Ice/Summ       #.......     99%         4    #####..
 Throw Icicle             Conj/Ice       #.......     99%         4    #####..
 Blade Hands              Tmut           #.........   100%        5    ######.
 Lightning Bolt           Conj/Air       #.........   100%        5    ######.


Dungeon Overview and Level Annotations

Branches:
Dungeon (12/15)            Temple (1/1) D:5            Lair (6/6) D:10
 Shoals (1/4) Lair:3        Snake (4/4) Lair:4        Slime (0/5) Lair:6
    Orc (2/2) D:9             Elf (0/3) Orc:2

Altars:
Ashenzari
Cheibriados
Dithmenos
Elyvilon
Fedhas
Gozag
Hepliaklqana
Kikubaaqudgha
Makhleb
Nemelex Xobeh
Okawaru
Qazlal
Ru
Sif Muna
Trog
Uskayaw
Vehumet
Wu Jian
Xom
Yredelemnul
Zin
The Shining One

Shops:
D:12 }   Orc:2 [(%[   Snake:3 :

Portals:
Hell: Lair:6

Annotations:
D:6 1 runed translucent door, Pneumon's ghost, novice DsBe
Lair:5 2 transporters, jerry414's ghost, journeyman DEFE
Snake:3 2 transporters, Oghoutt's ghost, journeyman TeAE; Vashnia


Innate Abilities, Weirdness & Mutations

You are partially covered in large bone plates. (SH +4)
Your movements are slightly less encumbered by armour. (ER -2)


Message History

The splash of poison hits you!
You are more poisoned.
* * * LOW HITPOINT WARNING * * *
The anaconda bites you.
* * * LOW HITPOINT WARNING * * *
The naga moves out of view.
You see here 4 bolts.
Unknown command.
Unknown command.
Unknown command.
The anaconda's grasp on you weakens, but your attempt to escape fails.
You feel very sick.
* * * LOW HITPOINT WARNING * * *
You are more poisoned.
You block the anaconda's attack.
* * * LOW HITPOINT WARNING * * *
The anaconda constricts you. The anaconda bites you!
* * * LOW HITPOINT WARNING * * *
You block the mana viper's attack. The anaconda bites you.
You die...

####...........
##.....N........
................
......N.....N...
...N...N.N.N....
...NN#.N...N....
...N....N.......
..N..S.SSN......
..N...S@.N......
.........#N.....
..#....#........
....#.........#.


#NS #...^⌠...## .. ..#........ . ............ #... .....#. You could see 3 naga
warriors, 2 nagarajas, 3 naga sharpshooters, 2 anacondas, 2 naga ritualists, 2
shock serpents, a mana viper, 5 naga magi and 4 nagas.

Vanquished Creatures
  Jorgrun (Shoals:1)
  A tentacled starspawn (Abyss:3)
  A sphinx (Lair:4)
  3 nagarajas
  Louise (Snake:2)
  The ghost of Grendash the Protected, a journeyman DDFi of Makhleb (D:12)
  A merfolk impaler (Shoals:1)
  Fannar (Lair:3)
  A fire dragon (Lair:6)
  4 ogre magi (Orc:2)
  Josephine (D:11)
  Erolcha (Orc:2)
  3 naga warriors
  An ice dragon (Lair:3)
  2 hydras
  2 merfolk avatars (Shoals:1)
  An alligator snapping turtle (Shoals:1)
  8 anacondas
  An alligator (Lair:6)
  14 two-headed ogres
  2 death yaks (Lair:3)
  5 naga sharpshooters
  2 shock serpents (Snake:3)
  A sun demon (Lair:6)
  A fire crab (Volcano)
  Urug (Lair:6)
  A wretched star (Abyss:3)
  The ghost of Verendum the Slasher, a novice VSFi of Cheibriados (D:9)
  4 sea snakes (Shoals:1)
  2 naga ritualists
  2 lindwurms
  A wizard (Lair:6)
  A mana viper (Snake:4)
  3 manticores (Shoals:1)
  A faun (Shoals:1)
  3 oklob plants (Lair:5)
  22 black mambas
  2 salamanders (Snake:1)
  6 naga magi
  10 elephants
  An apocalypse crab (Abyss:3)
  3 cyclopes
  2 water nymphs (Shoals:1)
  A smoke demon (D:9)
  Psyche (D:12)
  5 merfolk sirens
  3 orange demons (Lair:6)
  2 molten gargoyles (Volcano)
  8 spiny frogs
  2 kobold demonologists (D:9)
  5 rime drakes (Lair:6)
  6 komodo dragons
  4 hellwings
  3 ice devils (Lair:6)
  2 merfolk (Shoals:1)
  3 trolls
  A hornet (D:10)
  4 polar bears
  A wind drake (Shoals:1)
  5 blink frogs (Lair:3)
  3 snapping turtles
  A slime creature (Lair:4)
  12 dream sheep
  6 hippogriffs
  2 water elementals (Shoals:1)
  4 wyverns
  Eustachio (D:5)
  5 wraiths (D:11)
  5 basilisks
  19 yaks
  10 fire bats (Volcano)
  2 small abominations (Abyss:3)
  2 steam dragons
  2 wargs
  A chaos spawn (Abyss:3)
  7 two-headed ogre zombies
  15 nagas
  A floating eye (Lair:5)
  12 water moccasins
  4 hell hounds (Lair:6)
  6 porcupines
  10 orc warriors
  3 black bears
  A swamp drake (D:7)
  An eye of draining (D:8)
  4 phantoms
  A hornet zombie (D:12)
  3 ice beasts
  34 ogres
  3 sky beasts
  2 necrophages
  A wolf (Lair:6)
  4 boggarts (Lair:6)
  13 crocodiles
  7 centaurs
  11 big kobolds
  14 bullfrogs
  A wyvern zombie (D:10)
  A water moccasin skeleton (D:4)
  4 troll zombies (D:9)
  19 wights
  5 electric eels
  4 crimson imps
  12 lava snakes
  4 hounds
  A bullfrog zombie (D:11)
  4 jellies
  4 centaur skeletons
  13 orc priests
  17 orc wizards
  A bullfrog skeleton (D:10)
  2 iguanas (D:10)
  9 worker ants
  3 ogre zombies (D:9)
  A hound skeleton (D:6)
  A hound zombie (D:7)
  3 gnolls (D:5)
  2 howler monkey skeletons (D:10)
  18 adders
  A shadow imp (D:6)
  A white imp (Abyss:3)
  18 oozes
  An adder zombie (D:8)
  6 worms
  4 leopard geckos
  60 orcs
  4 ball pythons
  3 giant cockroaches
  11 goblins
  8 hobgoblins
  6 jackals
  5 quokkas
  9 bats
  3 frilled lizards
  3 goblin skeletons (D:9)
  A goblin zombie (D:9)
  2 hobgoblin zombies (D:9)
  15 kobolds
  4 orc skeletons (D:9)
  12 orc zombies (D:9)
  A quokka skeleton (D:4)
  7 rats
  6 fungi
  6 plants
740 creatures vanquished.

Vanquished Creatures (collateral kills)
  A hobgoblin zombie (D:9)
  2 orc zombies (D:9)
3 creatures vanquished.

Vanquished Creatures (others)
  2 hungry ghosts (D:9)
  4 fungi
  A lurking horror (Abyss:3)
  A plant (Lair:4)
8 creatures vanquished.

Grand Total: 751 creatures vanquished

Notes
Turn   | Place    | Note
-------+----------+-------------------------------------------
     0 | D:1      | dragonscale333 the Hill Orc Fighter began the quest for the
                  | Orb.
     0 | D:1      | Reached XP level 1. HP: 19/19 MP: 1/1
   172 | D:1      | Reached skill level 3 in Axes
   244 | D:1      | Reached XP level 2. HP: 26/26 MP: 2/2
   280 | D:1      | Reached skill level 4 in Axes
   496 | D:1      | Reached XP level 3. HP: 28/31 MP: 3/3
   964 | D:2      | Reached skill level 5 in Axes
  1241 | D:2      | Reached XP level 4. HP: 39/39 MP: 4/4
  1677 | D:3      | Reached skill level 6 in Axes
  1704 | D:3      | Found a stormy altar of Qazlal.
  2478 | D:3      | Reached XP level 5. HP: 37/45 MP: 5/5
  2811 | D:4      | Reached skill level 7 in Axes
  2865 | D:4      | Noticed an ogre
  2879 | D:4      | Killed an ogre
  2879 | D:4      | Reached skill level 5 in Shields
  2879 | D:4      | Reached XP level 6. HP: 25/51 MP: 6/6
  3065 | D:4      | Found the +5 robe of Misfortune {*Contam Harm *Corrode
                  | *Drain *Slow EV+5}
  3116 | D:4      | Noticed Edmund
  3138 | D:4      | Noticed Edmund
  3138 | D:4      | Edmund changed into Edmund the hound
  3145 | D:4      | Killed Edmund the hound
  3361 | D:4      | Got a pair of dazzling boots
  3387 | D:3      | Identified the +1 pair of boots of Slovenliness {rF- rN+++
                  | rCorr} (You found it on level 4 of the Dungeon)
  3487 | D:4      | Reached skill level 5 in Fighting
  3493 | D:4      | Reached XP level 7. HP: 22/62 MP: 7/7
  4280 | D:5      | Entered Level 5 of the Dungeon
  4350 | D:5      | Found a basalt altar of Yredelemnul.
  4350 | D:5      | Found a burning altar of Makhleb.
  4459 | D:5      | Found a staircase to the Ecumenical Temple.
  4460 | D:5      | Noticed Eustachio
  4477 | D:5      | Killed Eustachio
  4477 | D:5      | Reached skill level 8 in Axes
  4556 | D:5      | Reached skill level 9 in Axes
  4556 | D:5      | Reached XP level 8. HP: 47/70 MP: 8/8
  5031 | Temple   | Entered the Ecumenical Temple
  5042 | Temple   | Became a worshipper of Warmaster Okawaru
  5068 | D:6      | Reached skill level 10 in Axes
  5123 | D:6      | Found an ancient bone altar of Kikubaaqudgha.
  5350 | D:6      | Found a radiant altar of Vehumet.
  5356 | D:6      | Found a deep blue altar of Sif Muna.
  5359 | D:6      | Identified Kikubaaqudgha's Incunabulum of Evil
  5554 | D:6      | Reached * piety under Okawaru
  5591 | D:6      | Found a glowing golden altar of the Shining One.
  5591 | D:6      | Found an ornate altar of the Wu Jian Council.
  5591 | D:6      | Found an opulent altar of Gozag.
  5821 | D:6      | Gained mutation: Your spells are a little harder to cast,
                  | but a little more powerful. [potion of mutation]
  5821 | D:6      | Gained mutation: You can translocate small distances at
                  | will. [potion of mutation]
  5959 | D:6      | Found a runed translucent door.
  5961 | D:6      | Found a shimmering altar of Xom.
  5961 | D:6      | Noticed Pneumon's ghost (novice DsBe)
  5963 | D:6      | Noticed a +2 trident of chaos
  6174 | D:7      | Reached XP level 9. HP: 16/75 MP: 9/9
  6531 | D:7      | Reached skill level 5 in Armour
  7309 | D:7      | Reached ** piety under Okawaru
  7798 | D:8      | Reached *** piety under Okawaru
  7798 | D:8      | Reached skill level 11 in Axes
  7798 | D:8      | Reached XP level 10. HP: 73/88 MP: 10/10
  7888 | D:8      | Noticed a two-headed ogre
  8155 | D:8      | Found a shattered altar of Ashenzari.
  8170 | D:8      | Lost mutation: You can translocate small distances at will.
                  | [potion of mutation]
  8170 | D:8      | Lost mutation: Your spells are a little harder to cast, but
                  | a little more powerful. [potion of mutation]
  8170 | D:8      | Gained mutation: You are partially covered in large bone
                  | plates. (SH +4) [potion of mutation]
  8170 | D:8      | Gained mutation: Your movements are slightly less
                  | encumbered by armour. (ER -2) [potion of mutation]
  8236 | D:8      | Found a radiant altar of Vehumet.
  8440 | D:8      | Reached skill level 1 in Evocations
  8556 | D:8      | Killed a two-headed ogre
  8742 | D:8      | Reached **** piety under Okawaru
  9078 | D:9      | Found a runed translucent gate.
  9078 | D:9      | Noticed a kobold demonologist
  9078 | D:9      | Noticed Verendum's ghost (novice VSFi)
  9079 | D:9      | Found a runed translucent gate.
  9079 | D:9      | Found a runed translucent gate.
  9079 | D:9      | Noticed a kobold demonologist
  9113 | D:9      | Found a staircase to the Orcish Mines.
  9139 | D:9      | Reached skill level 12 in Axes
  9199 | D:9      | Reached skill level 10 in Shields
  9217 | D:9      | Noticed a two-headed ogre
  9600 | D:9      | Killed a two-headed ogre
  9601 | D:9      | Reached skill level 5 in Evocations
  9608 | D:9      | Reached ***** piety under Okawaru
  9915 | D:9      | Reached skill level 13 in Axes
 10086 | D:9      | Reached XP level 11. HP: 74/94 MP: 14/14
 10392 | D:9      | Found a shadowy altar of Dithmenos.
 10430 | D:9      | Got a crude brass amulet
 10431 | D:9      | Identified the amulet "Kefoeb" {*Slow +Rage rC+++ MP+9
                  | Str+6} (You found it on level 9 of the Dungeon)
 10530 | D:9      | Reached skill level 14 in Axes
 10578 | D:9      | Cast into level 1 of the Abyss (big kobold)
 10663 | D:9      | Escaped the Abyss
 11218 | D:10     | Entered Level 10 of the Dungeon
 11228 | D:10     | Found a staircase to the Lair.
 11247 | D:10     | Reached skill level 10 in Fighting
 11393 | D:9      | Killed Verendum's ghost
 11687 | D:10     | Received a gift from Okawaru
 12044 | D:10     | Reached skill level 1 in Invocations
 12496 | D:10     | Found a sacrificial altar of Ru.
 12642 | D:10     | Reached skill level 5 in Invocations
 12872 | Orc:1    | Entered Level 1 of the Orcish Mines
 13114 | Orc:1    | Noticed an orc knight
 13268 | D:9      | Reached XP level 12. HP: 106/106 MP: 17/17
 14067 | Orc:2    | Entered Level 2 of the Orcish Mines
 14431 | Orc:1    | Received a gift from Okawaru
 14835 | Orc:2    | Found a staircase to the Elven Halls.
 14859 | Orc:2    | Noticed Erolcha
 15126 | Orc:2    | Killed Erolcha
 15467 | Orc:2    | Noticed a two-headed ogre
 15469 | Orc:2    | Noticed a two-headed ogre
 15469 | Orc:2    | Noticed an ogre mage
 15470 | Orc:2    | Noticed an ogre mage
 15470 | Orc:2    | Noticed a two-headed ogre
 15494 | Orc:2    | Killed a two-headed ogre
 15496 | Orc:2    | Killed an ogre mage
 15499 | Orc:2    | Killed an ogre mage
 15501 | Orc:2    | Killed a two-headed ogre
 15501 | Orc:2    | Reached skill level 10 in Armour
 15804 | Orc:2    | Killed a two-headed ogre
 15813 | Orc:2    | Noticed an ogre mage
 15819 | Orc:2    | Killed an ogre mage
 15874 | Orc:2    | Noticed a two-headed ogre
 15887 | Orc:2    | Killed a two-headed ogre
 15887 | Orc:2    | Reached skill level 15 in Axes
 15915 | Orc:2    | Noticed a two-headed ogre
 15933 | Orc:2    | Killed a two-headed ogre
 15986 | Orc:2    | Noticed an ogre mage
 15996 | Orc:2    | Noticed a two-headed ogre
 15998 | Orc:2    | Killed an ogre mage
 15998 | Orc:2    | Reached ****** piety under Okawaru
 15998 | Orc:2    | Reached XP level 13. HP: 100/113 MP: 19/19
 16007 | Orc:2    | Reached skill level 16 in Axes
 16160 | Orc:2    | Received a gift from Okawaru
 16318 | Orc:2    | Found Hodyehat's Food Shoppe.
 16318 | Orc:2    | Found Noorymp's Antique Armour Shop.
 16327 | Orc:2    | Received a gift from Okawaru
 16327 | Orc:2    | Reached skill level 17 in Axes
 16329 | Orc:2    | Found Orar's Armour Boutique.
 16329 | Orc:2    | Found Fytsucef's Weapon Shoppe.
 16694 | Orc:2    | Bought a brightly glowing plate armour for 812 gold pieces
 16694 | Orc:2    | Identified the +8 plate armour of Ebixzira {rF+} (You
                  | bought it in a shop on level 2 of the Orcish Mines)
 16710 | Orc:2    | Bought a +0 pair of gloves for 49 gold pieces
 16784 | Orc:2    | Bought a pair of glowing boots for 217 gold pieces
 16892 | Lair:1   | Entered Level 1 of the Lair of Beasts
 17792 | Lair:2   | Reached skill level 18 in Axes
 17987 | Lair:2   | You fall through a shaft for 2 floors!
 17988 | Lair:4   | Found a staircase to the Snake Pit.
 18610 | Lair:3   | Noticed an ice dragon
 18610 | Lair:3   | a six-headed hydra changed into an ice dragon
 18625 | Lair:3   | Killed an ice dragon
 18625 | Lair:3   | Received a gift from Okawaru
 19074 | Lair:3   | Found a staircase to the Shoals.
 19128 | Lair:3   | Noticed Fannar
 19146 | Lair:3   | Killed Fannar
 19820 | Lair:3   | Received a gift from Okawaru
 19820 | Lair:3   | Reached XP level 14. HP: 114/126 MP: 20/20
 20121 | Lair:4   | Noticed a sphinx
 20121 | Lair:4   | a seven-headed hydra changed into a sphinx
 20132 | Lair:4   | Killed a sphinx
 20605 | Lair:5   | Reached skill level 1 in Stealth
 20728 | Lair:5   | Paralysed by a floating eye for 2 turns
 20733 | Lair:5   | Paralysed by a floating eye for 3 turns
 20758 | Lair:5   | Found a dark tunnel.
 20770 | Volcano  | Entered a volcano
 20859 | Volcano  | Received a gift from Okawaru
 21223 | Volcano  | Found a burning altar of Makhleb.
 21563 | Lair:5   | Found a transporter.
 21568 | Lair:5   | Noticed jerry414's ghost (journeyman DEFE)
 21693 | Lair:5   | Found a transporter.
 22409 | Lair:6   | Entered Level 6 of the Lair of Beasts
 22458 | Lair:6   | Reached skill level 19 in Axes
 22722 | Lair:6   | Found a staircase to the Slime Pits.
 22906 | Lair:6   | Received a gift from Okawaru
 23144 | Lair:6   | Reached skill level 20 in Axes
 23206 | Lair:6   | Noticed Urug
 23219 | Lair:6   | Killed Urug
 23505 | Lair:6   | Reached XP level 15. HP: 134/134 MP: 21/21
 23508 | Lair:6   | Found a burning altar of Makhleb.
 23915 | Lair:6   | Found a gateway to Hell.
 24264 | Shoals:1 | Entered Level 1 of the Shoals
 24479 | Shoals:1 | HP: 6/137 [poisoned by a sea snake]
 25902 | Shoals:1 | Noticed Jorgrun
 25931 | Shoals:1 | Killed Jorgrun
 25931 | Shoals:1 | Received a gift from Okawaru
 26685 | D:11     | Noticed Josephine
 26695 | D:11     | Killed Josephine
 27616 | D:12     | Found Sahylad's Gadget Emporium.
 27616 | D:12     | Noticed Psyche
 27621 | D:12     | Killed Psyche
 27633 | D:12     | Bought a wand of iceblast (10) for 196 gold pieces
 27633 | D:12     | Bought a wand of acid (8) for 336 gold pieces
 27915 | D:12     | Found a large runed translucent door.
 27915 | D:12     | Found a large runed translucent door.
 27920 | D:12     | Noticed Grendash's ghost (journeyman DDFi)
 28329 | D:12     | Killed Grendash's ghost
 28329 | D:12     | Reached skill level 15 in Fighting
 28496 | Orc:2    | Bought a shimmering plate armour for 812 gold pieces
 28496 | Orc:2    | Identified the cursed +0 plate armour "Ycaloja" {Stlth+}
                  | (You bought it in a shop on level 2 of the Orcish Mines)
 28692 | Snake:1  | Entered Level 1 of the Snake Pit
 28842 | Snake:1  | Reached skill level 10 in Evocations
 28854 | Snake:1  | Received a gift from Okawaru
 28855 | Snake:1  | Got a bloodstained robe {god gift}
 29174 | Snake:1  | Noticed a nagaraja
 29181 | Snake:1  | Killed a nagaraja
 29645 | Snake:1  | Found a white marble altar of Elyvilon.
 29663 | Snake:1  | Reached skill level 5 in Dodging
 30389 | Snake:2  | Noticed a nagaraja
 30400 | Snake:2  | Killed a nagaraja
 30408 | Snake:2  | Reached XP level 16. HP: 40/149 MP: 23/23
 31221 | Snake:3  | Found Quolur's Book Emporium.
 31628 | Snake:3  | Noticed Oghoutt's ghost (journeyman TeAE)
 31629 | Snake:3  | Found a transporter.
 31657 | Snake:3  | Found a transporter.
 31909 | Snake:3  | Noticed Louise
 31926 | Snake:3  | Cast into level 3 of the Abyss (Louise)
 31987 | Abyss:3  | Noticed a tentacled starspawn
 31995 | Abyss:3  | Killed a tentacled starspawn
 32463 | Snake:3  | Escaped the Abyss
 32476 | Snake:3  | Noticed a nagaraja
 33002 | Snake:2  | Killed Louise
 33015 | Snake:3  | Killed a nagaraja
 33840 | Snake:4  | Entered Level 4 of the Snake Pit
 33887 | Snake:4  | Noticed Vashnia
 35104 | Snake:3  | HP: 3/232 [Vashnia/+2 vampiric trident (11)]
 36025 | Snake:4  | Received a gift from Okawaru
 36052 | Snake:4  | Noticed a nagaraja
 36052 | Snake:4  | Noticed a nagaraja
 36055 | Snake:4  | HP: 3/155 [anaconda (14)]
 36055 | Snake:4  | Slain by an anaconda

Skill      XL: |  1  2  3  4  5  6  7  8  9 10 11 12 13 14 15 16 |
---------------+-------------------------------------------------+-----
Axes           | 3 4 5 6 7 9 10 11 13 14 15 18 20 | 20.0
Shields        | 5 8 9 10 | 10.0
Fighting       | 5 6 8 10 12 15 17 | 17.0
Armour         | 4 6 10 11 | 11.5
Evocations     | 5 6 8 10 | 10.0
Dodging        | 4 5 6 |  6.0
Invocations    | 6 8 |  8.1
Stealth        | 4 |  4.0

Action                   |  1- 3 |  4- 6 |  7- 9 | 10-12 | 13-15 | 16-18 || total
-------------------------+-------+-------+-------+-------+-------+-------++-------
Melee: War axe           |   151 |   199 |   350 |   160 |       |       ||   860
       Unarmed           |     2 |       |       |       |       |       ||     2
       Battleaxe         |       |       |       |   432 |  1018 |   272 ||  1722
Invok: Finesse           |       |       |       |       |       |     2 ||     2
       Heroism           |       |       |       |       |       |     1 ||     1
 Abil: Evoke Berserk Rag |       |       |       |       |     1 |     2 ||     3
Evoke: Wand              |       |     1 |     4 |    14 |    28 |     9 ||    56
  Use: Scroll            |       |     9 |     6 |     4 |    13 |    14 ||    46
       Potion            |       |       |    11 |     4 |     9 |       ||    24
 Stab: Paralysed         |       |       |       |     5 |     3 |       ||     8
       Distracted        |       |       |       |       |       |     3 ||     3
  Eat: Chunk             |     1 |     7 |    11 |    19 |    29 |     4 ||    71
       Ration            |       |       |     1 |     3 |     5 |     5 ||    14
Armor: Scale mail        |    65 |    66 |       |       |    33 |   146 ||   310
       Leather armour    |       |     6 |    41 |       |       |       ||    47
       Ring mail         |       |       |    62 |   164 |       |       ||   226
       Skin              |       |       |     5 |       |       |       ||     5
       Plate armour      |       |       |       |    62 |   512 |       ||   574
Dodge: Dodged            |    43 |    41 |   121 |   271 |   379 |   120 ||   975
Block: Shield            |    71 |   101 |   182 |   125 |       |       ||   479
       Other             |       |       |       |    57 |   133 |    53 ||   243
